 Dungeon Crawl Stone Soup version 0.17-a0-1685-g57e755e (webtiles) character file.

242 matakusis the Covert (level 5, 0/57 HPs)
             Began as a Vampire Assassin on Aug 19, 2015.
             Slain by a hippogriff (5 damage)
             ... on level 4 of the Dungeon.
             The game lasted 00:13:23 (3229 turns).

matakusis the Covert (Vampire Assassin)             Turns: 3229, Time: 00:13:23

Health: 0/57       AC:  5    Str: 11 (15) XL:     5   Next: 82%
Magic:  4/4        EV: 13    Int: 14      God:
Gold:   133        SH:  4    Dex: 16      Spells: 0 memorised, 4 levels left

rFire  . . .     SeeInvis +     a - +2 dagger
rCold  . . .     Clarity  .     q - +0 robe (curse)
rNeg   . . .     SustAt   .     j - +0 buckler
rPois  .         Gourm    .     (no helmet)
rElec  .         Spirit   .     d - +0 cloak
rCorr  .         Warding  .     n - +0 pair of gloves
rMut   .         Stasis   .     (no boots)
MR     +....                    (no amulet)
Stlth  ..........               (no ring)
                                (no ring)

@: berserking, regenerating quickly, very quick, somewhat resistant to hostile
enchantments, extremely unstealthy
A: fangs 3, icy blue scales 1, see invisible, low mp 1, magic resistance 1,
unbreathing
a: no special abilities


You were on level 4 of the Dungeon.
You were very full.

You visited 1 branch of the dungeon, and saw 4 of its levels.

You collected 133 gold pieces.

Inventory:

Hand weapons
 a - a +2 dagger (weapon)
 b - a +0 blowgun
 u - the +4 hunting sling "Intus" {velocity, +Inv rElec}
   (You found it on level 4 of the Dungeon)

   Any stone fired from it inflicts extra damage.
   It insulates you from electricity.
   It lets you turn invisible.
Missiles
 e - 8 poisoned needles (quivered)
 f - 2 curare-tipped needles
 k - 2 tomahawks of returning
Armour
 c - a +0 robe
 d - a +0 cloak (worn)
 j - a +0 buckler (worn)
 n - a +0 pair of gloves (worn)
 q - a cursed +0 robe (worn)
Jewellery
 p - an uncursed ring of teleportation
Scrolls
 h - 3 scrolls of immolation
 i - 4 scrolls of remove curse
 r - 2 scrolls of teleportation
 s - a scroll of identify
 t - a scroll of enchant armour {unknown}
 v - 2 scrolls of enchant weapon {unknown}
Potions
 g - 20 potions of blood
 l - 2 potions of lignification
 m - a potion of cancellation
 o - 2 potions of agility
 x - a potion of flight {unknown}


   Skills:
 - Level 1.7 Fighting
 + Level 3.1 Short Blades
 + Level 1.6 Throwing
 * Level 3.0 Dodging
 * Level 9.2 Stealth
 * Level 0.6 Shields


You had 4 spell levels left.
You didn't know any spells.

Dungeon Overview and Level Annotations

Branches:
Dungeon (4/15)
 Temple: D:4-7

Altars:

Shops:
D:4 :


Innate Abilities, Weirdness & Mutations

Your natural rate of healing is unusually fast.
You have razor-sharp teeth.
You have supernaturally acute eyesight.
You can survive without breathing.
You are partially covered in icy blue scales (AC +1).
Your magical capacity is low (-10% MP).
You are resistant to hostile enchantments.


Message History

You hit the hippogriff.
The hippogriff is heavily wounded.
The hippogriff bites you.
* * * LOW HITPOINT WARNING * * *
The hippogriff pecks you.
* * * LOW HITPOINT WARNING * * *
The hippogriff completely misses you.
Drink which item? (? for menu, Esc to quit)
It was a potion of berserk rage.
A red film seems to cover your vision as you go berserk!
You feel yourself moving faster!
You feel mighty! The hippogriff closely misses you. The hippogriff pecks you.
* * * LOW HITPOINT WARNING * * *
The hippogriff claws you but does no damage.
You hit the hippogriff.
The hippogriff is severely wounded.
You block the hippogriff's attack. The hippogriff pecks you.
* * * LOW HITPOINT WARNING * * *
The hippogriff claws you.
You die...

#..+.....#...#.....'..#
####'#####...#####'####
#..#รท.#...#..#..#
#..#..'...'..#..#
#######...####### #..##
###### #.## #
......##.#####.####.
............@H......
#.............#####
###.###.####### .. ...#
## #####


You could see a hippogriff.

Vanquished Creatures
  A hound (D:4)
  Terence (D:3)
  Natasha (thrice) (D:3)
  8 adders
  2 oozes
  A worm (D:2)
  2 giant geckos
  2 orcs (D:3)
  A goblin (D:1)
  8 hobgoblins
  11 jackals
  A quokka (D:3)
  7 ball pythons (D:4)
  6 bats
  A giant cockroach (D:2)
  3 giant newts
  5 kobolds
  8 rats
71 creatures vanquished.

Notes
Turn   | Place    | Note
--------------------------------------------------------------
     0 | D:1      | matakusis the Vampire Assassin began the quest for the Orb.
     0 | D:1      | Reached XP level 1. HP: 16/16 MP: 1/1
   142 | D:1      | Reached skill level 6 in Stealth
   175 | D:1      | Reached XP level 2. HP: 4/22 MP: 2/2
   926 | D:1      | Reached skill level 7 in Stealth
  1222 | D:1      | Reached XP level 3. HP: 24/27 MP: 3/3
  1831 | D:3      | Gained mutation: You are partially covered in icy blue scales (AC +1). [potion of mutation]
  1831 | D:3      | Gained mutation: Your magical capacity is low (-10% MP). [potion of mutation]
  1831 | D:3      | Gained mutation: You are resistant to hostile enchantments. [potion of mutation]
  1857 | D:3      | Noticed Natasha
  1860 | D:3      | Killed Natasha
  1874 | D:3      | Reached XP level 4. HP: 28/33 MP: 3/3
  1950 | D:3      | Noticed Natasha
  1963 | D:3      | Killed Natasha
  1963 | D:3      | Reached skill level 8 in Stealth
  2246 | D:3      | Noticed Terence
  2249 | D:3      | Killed Terence
  2286 | D:3      | Noticed Natasha
  2293 | D:3      | Killed Natasha
  2293 | D:3      | Reached XP level 5. HP: 38/38 MP: 4/4
  2810 | D:4      | Found Favemy's Book Shop.
  2957 | D:4      | Reached skill level 9 in Stealth
  3021 | D:4      | Got a scorched hunting sling
  3022 | D:4      | Identified the +4 hunting sling "Intus" {velocity, +Inv rElec} (You found it on level 4 of the Dungeon)
  3212 | D:4      | Noticed a hippogriff
  3229 | D:4      | Slain by a hippogriff

Vault maps used:
D:1:      eino_arrival_cavern_a
D:3:      uniq_natasha, uniq_terence
D:4:      minmay_temple_entry_enclosed_plants, serial_shops,
          nicolae_shop_window_shopping, minmay_misc_feat_five,
          minmay_snake_closets

Action                   |  1- 3 |  4- 6 || total
-------------------------+-------+-------++-------
Melee: Dagger            |    98 |   115 ||   213
  Use: Scroll            |     5 |     4 ||     9
       Potion            |     1 |    10 ||    11
 Stab: Sleeping          |    11 |    19 ||    30
       Distracted        |       |     2 ||     2
  Eat: Corpse            |     3 |     6 ||     9
